 Dungeon Crawl Stone Soup version 0.29-a0-362-g5854e031c7 (webtiles) character file.

Game seed: 11160315086179519897

106115 Morbidden the Spear-Bearer (level 15, -4/94 (107) HPs)
             Began as a Demonspawn Fighter on Apr 29, 2022.
             Was a High Priest of Hepliaklqana.
             Killed from afar by an orc sorcerer (22 damage)
             ... with a bolt of negative energy
             ... on level 2 of the Orcish Mines.
             The game lasted 00:46:54 (23215 turns).

Morbidden the Spear-Bearer (Demonspawn Fighter)    Turns: 23215, Time: 00:46:55

HP:   -4/94 (107)   AC: 21    Str: 28    XL:     15   Next: 96%
MP:   27/27         EV: 10    Int: 11    God:    Hepliaklqana [*****.]
Gold: 1589          SH:  9    Dex: 13    Spells: 25/30 levels left

rFire   . . .      SeeInvis +   a - +5 demon trident (venom)
rCold   . . .      Faith    .   c - +0 kite shield
rNeg    . . .      Spirit   .   F - +4 chain mail of Recklessness {Slay+2}
rPois   .          Reflect  .   (helmet unavailable)
rElec   +          Harm     .   Z - +1 cloak {Will+}
rCorr   .          Rampage  +   d - +0 pair of gloves
Will    +++..                   V - +1 pair of boots {rampage}
Stlth   ..........              n - amulet of regeneration
HPRegen 1.05/turn               u - ring of Fefyly {Fly rElec Will+ SInv}
MPRegen 0.20/turn               B - +6 ring of strength

@: about to teleport, flying, heavily drained
A: reduced essence, antennae 3, demonic guardian 2, foul stench 1, weakness
stinger 2
a: Renounce Religion, Recall Ancestor, Ancestor Identity, Transference, Idealise


You were on level 2 of the Orcish Mines.
You worshipped Hepliaklqana.
Hepliaklqana was extremely pleased with you.
You visited 4 branches of the dungeon, and saw 24 of its levels.
You visited 1 bazaar.
You also visited: Bailey and Gauntlet.

You collected 2741 gold pieces.
You spent 1152 gold pieces at shops.

Inventory:

Hand Weapons
 a - a +5 demon trident of venom (weapon)
 L - a +1 demon whip of venom
 U - a +0 broad axe of venom
Missiles
 D - 2 curare-tipped darts
Armour
 c - a +0 kite shield (worn)
 d - a +0 pair of gloves (worn)
 F - the +4 chain mail of Recklessness (worn) {Slay+2}
   (You found it on level 11 of the Dungeon)

   Slay:      It affects your accuracy & damage with ranged weapons and melee
   (+2).
 M - +0 swamp dragon scales
 V - a +1 pair of boots of rampaging (worn)
 W - a +1 plate armour of cold resistance
 Z - a +1 cloak of willpower (worn)
Jewellery
 n - an amulet of regeneration (around neck)
 o - a ring of magical power
 r - a ring of flight
 u - the ring of Fefyly (left hand) {Fly rElec Will+ SInv}
   (You bought it in a shop in a bazaar)

   [ring of see invisible]

   rElec:     It insulates you from electricity.
   SInv:      It lets you see invisible.
   Fly:       It grants you flight.
   Will:      It increases your willpower.
 y - a ring of fire
 B - a +6 ring of strength (right hand)
 O - a ring of willpower
 Y - the amulet "Axoo" {Acrobat +Inv}
   (You found it in a Gauntlet)

   [amulet of the acrobat]

   It increases your evasion while moving and waiting.
   +Inv:      It lets you turn invisible.
Wands
 l - a wand of flame (40)
 w - a wand of charming (2)
 P - a wand of iceblast (2) (quivered)
 Q - a wand of polymorph (4)
 R - a wand of paralysis (2)
Scrolls
 e - 3 scrolls of summoning
 f - 3 scrolls of magic mapping
 h - 8 scrolls of identify
 i - 3 scrolls of brand weapon
 p - 10 scrolls of enchant armour
 q - 6 scrolls of amnesia
 t - 4 scrolls of fear
 v - 2 scrolls of fog
 x - 2 scrolls of teleportation
 A - 2 scrolls of blinking
 C - 2 scrolls of silence
 N - 6 scrolls of enchant weapon
Potions
 b - a potion of flight
 g - 5 potions of lignification
 j - 4 potions of heal wounds
 k - 5 potions of curing
 m - 11 potions of mutation
 s - 2 potions of berserk rage
 z - 3 potions of ambrosia
 G - 3 potions of invisibility
 H - 5 potions of haste
 I - 2 potions of resistance
 J - 3 potions of brilliance
 S - 8 potions of might
 T - 3 potions of magic
 X - 2 potions of cancellation
Miscellaneous
 E - a tin of tremorstones (2/2)
 K - a lightning rod (4/4)


   Skills:
 * Level 11.5 Fighting
 * Level 8.6(12.5) Axes
 * Level 14.4(15.3) Polearms
 + Level 8.9 Armour
 * Level 7.9 Dodging
 + Level 3.1 Stealth
 + Level 4.8 Shields
 * Level 8.0 Spellcasting
 * Level 5.6 Conjurations
 * Level 4.7 Fire Magic
 * Level 1.2 Air Magic
 * Level 9.3 Invocations
 * Level 6.5 Evocations


You had 25 spell levels left.
You knew the following spells:

 Your Spells              Type           Power      Damage    Failure   Level
a - Foxfire               Conj/Fire      60%        2x1d7     24%         1
z - Airstrike             Air            3%         N/A       100%        4

Your spell library contained the following spells:

 Spells                   Type           Power      Damage    Failure   Level
 Magic Dart               Conj           64%        1d6       21%         1
 Conjure Flame            Conj/Fire      15%        6-21      58%         3
 Apportation              Tloc           8%         N/A       90%         1
 Summon Small Mammal      Summ           16%        N/A       90%         1
 Inner Flame              Hex/Fire       9%         N/A       93%         3
 Corpse Rot               Necr/Air       10%        N/A       94%         2
 Poisonous Vapours        Pois/Air       10%        N/A       94%         2
 Mephitic Cloud           Conj/Pois/Air  9%         N/A       94%         3
 Flame Wave               Conj/Fire      15%        2d6       94%         4
 Call Imp                 Summ           4%         N/A       97%         2
 Call Canine Familiar     Summ           4%         N/A       99%         3
 Frozen Ramparts          Ice            8%         1d2       99%         3
 Summon Guardian Golem    Hex/Summ       4%         N/A       99%         3
 Ice Form                 Ice/Tmut       4%         N/A       100%        4
 Summon Ice Beast         Ice/Summ       4%         N/A       100%        4
 Summon Lightning Spire   Summ/Air       5%         N/A       100%        4
 Alistair's Intoxication  Tmut/Pois      2%         N/A       100%        5
 Blade Hands              Tmut           2%         N/A       100%        5
 Irradiate                Conj/Tmut      5%         3d15      100%        5
 Lightning Bolt           Conj/Air       6%         1d18      100%        5
 Dragon Form              Tmut           2%         N/A       100%        7


Dungeon Overview and Level Annotations

Branches:
Dungeon (15/15)            Temple (1/1) D:7            Lair (6/6) D:9
  Swamp (0/4) Lair:3        Snake (0/4) Lair:2        Slime (0/5) Lair:6
    Orc (2/2) D:10            Elf (0/3) Orc:2        Vaults (0/5) D:14
 Depths (0/4) D:15         Bailey (visited)         Gauntlet (visited)

Altars:
Cheibriados
Dithmenos
Elyvilon
Fedhas
Gozag
Hepliaklqana
Kikubaaqudgha
Makhleb
Nemelex Xobeh
Okawaru
Ru
Sif Muna
Trog
Uskayaw
Vehumet
Wu Jian
Xom
Yredelemnul
Zin
The Shining One
Beogh

Shops:
D:2 [   D:5 [   D:6 (*   D:7 ?   D:10 *   Orc:1 *([   Orc:2 =[[[[*

Portals:
Hell: Lair:6

Annotations:
Lair:3 1 runed translucent door, MrShunz's ghost, journeyman GrFE


Innate Abilities, Weirdness & Mutations

Your life essence is reduced to manifest your ancestor. (-10% HP)
You have a pair of large antennae on your head. (SInv)
A demonic guardian rushes to your aid.
You may rarely emit foul miasma when damaged in melee.
You have a tail ending in a sharp stinger.


Message History

The hellwing completely resists.
The hellwing barely misses Gnastine.
The hellwing hits Gnastine!
The red devil hits you but does no damage.
You are too injured to fight recklessly!
Unknown command.
You are too injured to fight recklessly!
Unknown command.
Unknown command.
Unknown command.
Unknown command.
Unknown command.
Blink to where?
Press: ? - help, Dir - move target
As you read the scroll of blinking, it crumbles to dust.
You feel sick.
As you close the gate, pushing everything out of the way, it creaks loudly!
You feel sick.
Unknown command.
As you read the scroll of teleportation, it crumbles to dust.
You feel strangely unstable.
You feel sick.
Gnastine has departed this plane of existence.
You feel sick.
Something unseen opens the gate.
Unknown command.
Your surroundings suddenly seem different.
You feel sick. The hellwing hits your rust devil.
The hellwing hits your rust devil but does no damage.
Your rust devil barely misses the hellwing.
There is an entrance to Mual's Jewellery Shop here.
Unknown command.
Unknown command.
You can access your shopping list by pressing '$'.
As you read the scroll of fog, it crumbles to dust.
The scroll dissolves into smoke.
You feel sick.
You are no longer poisoned.
Unknown command.
As you read the scroll of teleportation, it crumbles to dust.
You feel strangely unstable. The orc sorcerer casts a spell at you.
The bolt of negative energy hits you!!
You feel drained.
You die...

### #§≈§. #≈≈.§.
##≈§..§8...≈≈#
#§≈§8§≈.≈.8.≈≈
#≈...§§.§≈...≈
##≈§o§≈..§§≈..≈
#@§§8§{{_.§§8..
##§§.≈≈oo§§≈..≈
#§3..≈≈)4≈..§≈
#####≈{.8.§≈≈)8.§≈ ##
#≈≈≈##..{.48....§##§≈
##≈≈...##.{....)..##...
##≈###8..##..4))..##..8#
#≈≈#_.....###4''###.....
#≈.#..........[..(......


You could see a neqoxec (summoned) and an orc sorcerer.

Vanquished Creatures
  An ironbound preserver (D:14)
  7 hydras
  6 boulder beetles
  3 ogre magi
  A boulder beetle (shapeshifter) (Gauntlet)
  5 centaur warriors
  16 two-headed ogres
  A death knight (D:14)
  5 death yaks
  2 tengu warriors (D:15)
  A sun demon (Lair:6)
  Lodul (D:11)
  A swamp dragon (Lair:3)
  2 wizards
  2 orc knights (Bailey)
  2 deep elf pyromancers
  2 ugly things
  7 cyclopes
  2 orc sorcerers
  4 manticores
  12 elephants
  3 black mambas
  A rust devil (Gauntlet)
  A torpor snail (shapeshifter) (D:14)
  An orange demon (Lair:6)
  4 rime drakes
  6 cane toads
  5 komodo dragons
  A yaktaur (shapeshifter) (D:13)
  A yaktaur (D:14)
  An efreet (D:14)
  An ice devil (Lair:6)
  A freezing wraith (D:14)
  A red devil (Lair:6)
  A polar bear (D:14)
  2 trolls
  A polar bear (shapeshifter) (D:10)
  A hornet (D:14)
  2 slime creatures (D:13)
  3 dream sheep (Lair:6)
  5 blink frogs
  A centaur simulacrum (D:14)
  2 shadows
  A wyvern (Lair:5)
  45 yaks
  A fire elemental (D:14)
  2 basilisks
  13 vampire mosquitoes
  2 wargs (Orc:1)
  2 steam dragons
  2 nagas (Lair:2)
  An acid dragon (D:14)
  11 water moccasins
  7 hell hounds
  A swamp drake (Orc:1)
  2 ice beasts
  2 sky beasts
  2 black bears
  22 orc warriors
  10 ogres
  7 wolves
  4 boggarts (D:14)
  3 centaurs
  A kobold brigand (D:13)
  A necrophage (D:6)
  10 bullfrogs
  A gnoll sergeant (Orc:1)
  A scorpion (D:6)
  4 wights (D:7)
  7 killer bees
  4 howler monkeys
  2 jellies (D:5)
  A crimson imp (Orc:1)
  5 hounds
  4 iron imps (Gauntlet)
  12 orc priests
  6 iguanas
  27 orc wizards
  3 hell rats (Lair:6)
  10 gnolls
  11 adders
  6 white imps
  An ufetubus (D:6)
  3 worms
  3 dart slugs
  79 orcs
  6 bats
  9 endoplasms
  6 giant cockroaches
  8 goblins
  4 hobgoblins
  8 kobolds
  4 quokkas
  9 ball pythons
  3 frilled lizards
  6 rats
533 creatures vanquished.

Vanquished Creatures (collateral kills)
  Azrael (D:14)
  A minotaur (Gauntlet)
  A fire dragon (D:13)
  Erolcha (D:13)
  A boulder beetle (D:15)
  An ogre mage (Orc:2)
  4 hydras
  2 ice dragons (D:15)
  A death knight (D:14)
  2 two-headed ogres
  2 catoblepae
  3 tengu warriors (D:14)
  A death yak (Lair:6)
  An orc high priest (Orc:1)
  Sonja (Orc:2)
  Amaemon (Lair:3)
  A wizard (Lair:6)
  An orc knight (Orc:2)
  A deep elf zephyrmancer (Orc:1)
  2 deep elf pyromancers
  6 orc sorcerers (Orc:2)
  2 cyclopes
  A salamander (shapeshifter) (D:10)
  6 elephants (Lair:6)
  A smoke demon (Lair:6)
  2 black mambas (Lair:1)
  An orange demon (Lair:3)
  7 cane toads
  A freezing wraith (D:14)
  A kobold demonologist (D:13)
  4 komodo dragons
  An ice devil (Lair:6)
  A red devil (Lair:6)
  2 trolls
  A meliai (D:14)
  4 polar bears
  A slime creature (D:13)
  A blink frog (Lair:3)
  2 dream sheep (Lair:6)
  3 centaur simulacra (D:14)
  2 wraiths
  6 yaks
  A ynoxinul (Gauntlet)
  A basilisk (Lair:1)
  Eustachio (D:5)
  2 vampire mosquitoes (D:10)
  An acid dragon (D:14)
  A naga (Lair:2)
  A warg (shapeshifter) (Gauntlet)
  4 water moccasins
  A hell hound (D:14)
  6 orc warriors
  An ogre (D:5)
  4 wolves
  2 centaurs
  A kobold brigand (D:13)
  5 bullfrogs
  2 killer bees (D:5)
  2 orc priests
  2 jellies (Lair:6)
  A gnoll shaman (D:6)
  An iron imp (Orc:1)
  A hell rat (Lair:6)
  13 orc wizards
  An adder (D:5)
  A gnoll (D:6)
  3 shadow imps
  2 white imps
  23 orcs
  2 endoplasms (Lair:6)
  A goblin (D:8)
  3 kobolds (D:13)
  2 butterflies (Lair:1)
177 creatures vanquished.

Vanquished Creatures (others)
  A wizard (Gauntlet)
  2 ancestors (Bailey)
  19 battlemagi
  An orc wizard (Orc:2)
  5 bushes (Lair:6)
  12 foxfires (Lair:6)
  34 fungi
  60 plants
134 creatures vanquished.

Grand Total: 844 creatures vanquished

Notes
Turn   | Place    | Note
-------+----------+-------------------------------------------
     0 | D:1      | Morbidden the Demonspawn Fighter began the quest for the
                  | Orb.
     0 | D:1      | Reached XP level 1. HP: 18/18 MP: 1/1
   213 | D:1      | Discovered your monstrous ancestry.
   213 | D:1      | Gained mutation: You have a small tail. [demonic ancestry]
   213 | D:1      | Reached XP level 2. HP: 24/24 MP: 2/2
   290 | D:1      | Found a faded altar of an unknown god.
   834 | D:2      | Found Yruymydd's Antique Armour Shoppe.
   878 | D:2      | Reached skill level 1 in Polearms
   878 | D:2      | Gained mutation: A weak demonic guardian rushes to your
                  | aid. [demonic ancestry]
   878 | D:2      | Reached XP level 3. HP: 29/29 MP: 3/3
  1088 | D:2      | Reached skill level 1 in Spellcasting
  1088 | D:2      | Gained mutation: You have a pair of small antennae on your
                  | head. [demonic ancestry]
  1088 | D:2      | Reached XP level 4. HP: 33/35 MP: 5/5
  1687 | D:3      | Reached skill level 2 in Polearms
  2113 | D:3      | Gained mutation: You have a tail ending in a sharp stinger.
                  | [demonic ancestry]
  2113 | D:3      | Reached XP level 5. HP: 33/41 MP: 7/7
  2499 | D:4      | Reached skill level 1 in Dodging
  2585 | D:4      | Reached XP level 6. HP: 48/48 MP: 8/8
  2624 | D:4      | Reached skill level 3 in Polearms
  2877 | D:4      | Noticed an ice beast
  2888 | D:4      | Killed an ice beast
  2981 | D:5      | Entered Level 5 of the Dungeon
  2981 | D:5      | Found Zebuarhiko's Armour Emporium.
  3016 | D:5      | Noticed Eustachio
  3030 | D:5      | Reached XP level 7. HP: 39/55 MP: 8/10
  3033 | D:5      | Reached skill level 4 in Polearms
  3034 | D:5      | Killed Eustachio
  3125 | D:5      | Noticed a yak
  3125 | D:5      | Noticed a yak
  3125 | D:5      | Noticed a yak
  3140 | D:5      | Noticed a yak
  3142 | D:5      | Noticed a yak
  3144 | D:5      | Noticed a yak
  3145 | D:5      | Reached skill level 5 in Fighting
  3145 | D:5      | Reached XP level 8. HP: 40/62 MP: 11/11
  3150 | D:5      | Reached skill level 5 in Polearms
  3176 | D:5      | Reached skill level 1 in Stealth
  3189 | D:5      | Reached skill level 6 in Polearms
  3448 | D:5      | Gained mutation: A demonic guardian rushes to your aid.
                  | [demonic ancestry]
  3448 | D:5      | Reached XP level 9. HP: 68/68 MP: 13/13
  3601 | D:5      | Reached skill level 7 in Polearms
  4246 | D:6      | Found Icroegar's Weapon Boutique.
  4347 | D:6      | Found Kocsanoc's Overcharged Wands.
  4877 | D:7      | Noticed a boulder beetle
  4895 | D:6      | Killed a boulder beetle
  4896 | D:6      | Reached skill level 8 in Polearms
  4973 | D:7      | Found a staircase to the Ecumenical Temple.
  4999 | Temple   | Entered the Ecumenical Temple
  5194 | Temple   | Became a worshipper of Hepliaklqana the Forgotten
  5245 | D:7      | Reached skill level 1 in Invocations
  5245 | D:7      | Reached XP level 10. HP: 77/77 MP: 16/16
  5339 | D:7      | Noticed a two-headed ogre
  5345 | D:7      | Killed a two-headed ogre
  5618 | D:7      | Reached skill level 9 in Polearms
  5631 | D:7      | Found Ceuh's Magic Scroll Boutique.
  5639 | D:7      | Bought a scroll of blinking for 90 gold pieces
  5639 | D:7      | Bought a scroll of magic mapping for 42 gold pieces
  5671 | D:7      | Reached skill level 5 in Armour
  6361 | D:8      | Reached * piety under Hepliaklqana
  6390 | D:8      | Found a flagged portal.
  6406 | Bailey   | Entered a bailey
  6546 | Bailey   | Noticed an orc knight
  6547 | Bailey   | Noticed an orc knight
  6604 | Bailey   | Killed an orc knight
  6605 | Bailey   | Reached skill level 5 in Axes
  6630 | Bailey   | Killed an orc knight
  7642 | D:9      | Reached ** piety under Hepliaklqana
  7778 | D:9      | Reached XP level 11. HP: 73/75 MP: 17/17
  7877 | D:9      | Found a staircase to the Lair.
  8334 | D:10     | Entered Level 10 of the Dungeon
  8390 | D:10     | Remembered your ancestor Gnastine as a battlemage
  8426 | D:9      | Reached skill level 10 in Polearms
  8676 | D:10     | Found a staircase to the Orcish Mines.
  8721 | D:10     | Found an ancient bone altar of Kikubaaqudgha.
  8763 | D:10     | Found Heinui Osohi's Elemental Accessories.
  9048 | D:10     | Noticed a two-headed ogre
  9054 | D:10     | Killed a two-headed ogre
  9462 | Lair:1   | Entered Level 1 of the Lair of Beasts
  9465 | Lair:1   | Reached *** piety under Hepliaklqana
  9479 | Lair:1   | Noticed a catoblepas
  9486 | Lair:1   | Killed a catoblepas
  9521 | Lair:1   | Reached skill level 5 in Spellcasting
  9731 | Lair:1   | Reached skill level 11 in Polearms
  9731 | Lair:1   | Reached skill level 5 in Invocations
  9870 | Lair:1   | Reached skill level 5 in Dodging
 10515 | Lair:2   | Found a staircase to the Snake Pit.
 10523 | Lair:2   | Reached XP level 12. HP: 63/83 MP: 19/19
 11012 | Lair:2   | Noticed a five-headed hydra
 11019 | Lair:2   | Killed a five-headed hydra
 11206 | Lair:3   | Noticed a six-headed hydra
 11212 | Lair:3   | Killed a six-headed hydra
 11213 | Lair:3   | Reached skill level 1 in Evocations
 11338 | Lair:3   | Reached **** piety under Hepliaklqana
 11445 | Lair:3   | Noticed a boulder beetle
 11454 | Lair:3   | Killed a boulder beetle
 11516 | Lair:3   | Reached skill level 12 in Polearms
 11601 | Lair:3   | Found a runed translucent door.
 11601 | Lair:3   | Identified the +6 trident of the Whale {vamp, Str+5}
 11605 | Lair:3   | Noticed MrShunz's ghost (journeyman GrFE)
 11729 | Lair:3   | Noticed Amaemon
 11739 | Lair:3   | Killed Amaemon
 11940 | Lair:3   | Found a staircase to the Swamp.
 11957 | Lair:3   | Gained mutation: You may rarely emit foul miasma when
                  | damaged in melee. [demonic ancestry]
 11957 | Lair:3   | Reached XP level 13. HP: 52/90 MP: 21/21
 12400 | Lair:4   | You fall into a shaft and drop 2 floors!
 12400 | Lair:6   | Entered Level 6 of the Lair of Beasts
 12426 | Lair:6   | HP: 4/90 [elephant (13)]
 12571 | Lair:6   | Learned a level 1 spell: Foxfire
 12598 | Lair:6   | Found a staircase to the Slime Pits.
 12648 | Lair:6   | Reached skill level 1 in Conjurations
 13135 | Lair:4   | Reached skill level 1 in Fire Magic
 13515 | Lair:4   | Reached skill level 13 in Polearms
 13889 | Lair:5   | Reached ***** piety under Hepliaklqana
 14769 | Lair:6   | Found a burning altar of Makhleb.
 15091 | Lair:6   | Gained mutation: You have a pair of antennae on your head.
                  | [demonic ancestry]
 15091 | Lair:6   | Reached XP level 14. HP: 76/98 MP: 23/23
 15101 | Lair:6   | Reached skill level 10 in Fighting
 15557 | Lair:6   | Found a gateway to Hell.
 16408 | D:11     | Identified the +4 chain mail of Recklessness {Slay+2}
 16465 | D:11     | Noticed Lodul
 16487 | D:11     | Killed Lodul
 16495 | D:11     | Reached skill level 5 in Evocations
 16840 | D:12     | Found a gate leading to a gauntlet.
 16861 | Gauntlet | Entered a Gauntlet
 16861 | Gauntlet | Found a transporter.
 16861 | Gauntlet | Found a transporter.
 16865 | Gauntlet | Found a transporter.
 16865 | Gauntlet | Found a transporter.
 16885 | Gauntlet | Found a transporter.
 16892 | Gauntlet | Found a transporter.
 16894 | Gauntlet | Found a transporter.
 16894 | Gauntlet | Found a transporter.
 16898 | Gauntlet | Found a transporter.
 16948 | Gauntlet | Found a transporter.
 16993 | Gauntlet | Found a transporter.
 17007 | Gauntlet | Found a transporter.
 17098 | Gauntlet | Found a transporter.
 17108 | Gauntlet | Found a transporter.
 17124 | Gauntlet | Found a transporter.
 17137 | Gauntlet | Found a transporter.
 17279 | Gauntlet | Identified the amulet "Axoo" {Acrobat +Inv}
 17732 | D:12     | Found a shimmering blue altar of Sif Muna.
 18273 | D:13     | Identified the +2 scimitar of the Maze {protect, rC+ rCorr}
 18308 | D:13     | Reached skill level 14 in Polearms
 18577 | D:13     | Noticed Erolcha
 18585 | D:13     | Killed Erolcha
 18784 | D:14     | Found a flickering gateway to a bazaar.
 18871 | Bazaar   | Entered a bazaar
 18964 | Bazaar   | Found Meckaucs's Jewellery Shoppe.
 18982 | Bazaar   | Found Solofoy's Book Shoppe.
 19038 | Bazaar   | Found Purghommu's Antique Armour Boutique.
 19055 | Bazaar   | Found Hegguseb's Book Shoppe.
 19091 | Bazaar   | Bought the ring of Fefyly {Fly rElec Will+ SInv} for 660
                  | gold pieces
 19091 | Bazaar   | Bought a ring of magical power for 360 gold pieces
 19406 | D:14     | Gained mutation: You have a pair of large antennae on your
                  | head. (SInv) [demonic ancestry]
 19406 | D:14     | Reached XP level 15. HP: 85/105 MP: 25/25
 19530 | D:14     | Noticed Azrael
 19604 | D:14     | Killed Azrael
 19668 | D:14     | Found a gate to the Vaults.
 20404 | D:15     | Entered Level 15 of the Dungeon
 20471 | D:15     | Reached skill level 5 in Conjurations
 20758 | D:15     | Learned a level 4 spell: Airstrike
 21368 | D:15     | Found a staircase to the Depths.
 21642 | Orc:1    | Entered Level 1 of the Orcish Mines
 21987 | Orc:1    | Found Zoen Yso's General Store.
 22091 | Orc:1    | Found Cuin's Antique Armour Shoppe.
 22283 | Orc:2    | Entered Level 2 of the Orcish Mines
 22283 | Orc:2    | Found a staircase to the Elven Halls.
 22370 | Orc:2    | Found Kavam's General Store.
 22450 | Orc:2    | Found Radon's Antique Armour Emporium.
 22507 | Orc:1    | Found Feuqefu's Weapon Shop.
 22666 | Orc:1    | Identified the +0 hat "Nirapp" {-Cast Dex+3 SInv Stlth+}
 22731 | Orc:1    | Reached ****** piety under Hepliaklqana
 22837 | Orc:2    | Found Emeex's Antique Armour Shop.
 22993 | Orc:2    | Found Kiowk's Armour Boutique.
 23045 | Orc:2    | Found Hakeim's Antique Armour Boutique.
 23082 | Orc:2    | Found a radiant altar of Vehumet.
 23097 | Orc:2    | Reached skill level 1 in Air Magic
 23114 | Orc:2    | Noticed Sonja
 23127 | Orc:2    | Killed Sonja
 23131 | Orc:2    | Found an ancient bone altar of Kikubaaqudgha.
 23190 | Orc:2    | Found Mual's Jewellery Shop.
 23215 | Orc:2    | Killed from afar by an orc sorcerer

Illustrated notes

Levels and vault maps discovered:
D:1:      evilmike_arrival_fibonacci_small, layout_basic,
          basic_ecumenical_altar, minmay_vboxes
D:2:      layout_rooms, serial_shops, shop
D:3:      layout_loops_ring
D:4:      layout_basic
D:5:      layout_basic, serial_shops, nicolae_stop_n_shop_1, uniq_eustachio
D:6:      layout_rooms, serial_shops, nicolae_shop_statue_plus, st_stairs_10,
          hangedman_decor_slide_cut, minmay_door_square,
          nicolae_shop_overcharged_wands
D:7:      layout_cave_pods, minmay_temple_entry_overgrown, serial_shops,
          nicolae_shop_crystal, patterned_corridor
D:8:      layout_basic, enter_bailey_5, kennysheep_decorative_pillar
D:9:      layout_stronghold, dpeg_oklobed_lair
D:10:     layout_grid_maze, mainiacjoe_overflow_paths, orc_0_dummy,
          nicolae_elemental_shop
D:11:     layout_roguey, uniq_lodul
D:12:     layout_layer_cave, gauntlet_entry_generic, lemuel_blue_sif_altar
D:13:     layout_cross, uniq_erolcha
D:14:     cheibrodos_fzero, layout_loops_ring, skrybe_vaults_entry_preservation,
          serial_shops, bzr_in_the_mist, special_room [special_room_orc],
          serial_ice, serial_ice_n, serial_ice_f, serial_ice_c, serial_ice_d,
          uniq_azrael
D:15:     grunt_enter_depths_hoard, layout_loops_ring, minivault_19
Temple:   mainiacjoe_temple_circle_huts
Lair:1:   layout_chaotic_city, chequers_serial_rivers_small_b,
          lemuel_fruit_fields
Lair:2:   layout_regular_city, guppyfry_snake_entry_garden, grunt_megastairs_1
Lair:3:   layout_loops_ring, minmay_swamp_entry_reptiles,
          ebering_ghost_funeral_grove, beast_lair_carwin_1, uniq_amaemon
Lair:4:   layout_long_grid, grunt_megastairs_4
Lair:5:   layout_roguey
Lair:6:   evil_forest, layout_gridlike, nicolae_slime_entry_slimehenge,
          serial_bayou_shore_b, infiniplex_staircase_pool_2
Orc:1:    layout_caves, serial_shops, nicolae_shop_advertising_works
          [nicolae_subvault_shop_adworks], nicolae_shop_crystal, shop,
          hangedman_minor_magic
Orc:2:    kennysheep_orc_mage_school, layout_diamond_mine, serial_shops,
          nicolae_shop_behind_doors, nicolae_shop_stone, nicolae_shop_crystal,
          shop, uniq_sonja

Skill      XL: |  1  2  3  4  5  6  7  8  9 10 11 12 13 14 15 |
---------------+----------------------------------------------+-----
Polearms       | 1 2 3 4 6 8 9 11 12 13 14 | 14.4
Axes           | 2 3 4 5 6 7 8 |  8.6
Spellcasting   | 1 2 3 4 5 6 7 8 |  8.0
Armour         | 3 4 6 7 8 |  8.9
Dodging        | 1 2 3 4 5 6 7 |  7.9
Fighting       | 4 5 6 7 8 9 10 11 | 11.5
Shields        | 3 4 |  4.8
Stealth        | 1 2 3 |  3.1
Invocations    | 1 3 5 6 7 8 9 |  9.3
Evocations     | 3 4 5 6 |  6.5
Conjurations   | 3 4 5 |  5.6
Fire Magic     | 2 3 4 |  4.7
Air Magic      | 1 |  1.2

Action                   |  1- 3 |  4- 6 |  7- 9 | 10-12 | 13-15 || total
-------------------------+-------+-------+-------+-------+-------++-------
Melee: Demon trident     |    80 |   164 |   233 |   500 |  1035 ||  2012
       War axe           |     2 |       |       |       |       ||     2
       Tailslap          |     3 |    12 |    26 |    65 |   149 ||   255
Throw: Boomerang         |       |       |       |     4 |     4 ||     8
 Cast: Foxfire           |       |       |       |       |     6 ||     6
Invok: Ancestor Identity |       |       |       |     1 |       ||     1
       Ancestor Life: Ba |       |       |       |     1 |       ||     1
       Idealise          |       |       |       |       |     6 ||     6
       Recall Ancestor   |       |       |       |       |     2 ||     2
       Transference      |       |       |       |       |     2 ||     2
Evoke: Lightning rod     |       |       |       |       |     1 ||     1
  Use: Potion            |       |       |     3 |     1 |     4 ||     8
       Scroll            |       |       |       |    25 |    18 ||    43
 Stab: Distracted        |       |       |     2 |     3 |    10 ||    15
       Sleeping          |       |       |       |       |     1 ||     1
       Petrifying        |       |       |       |       |     2 ||     2
       Petrified         |       |       |       |       |     2 ||     2
Armor: Scale mail        |    10 |       |       |       |       ||    10
       Chain mail        |    24 |    84 |   101 |    19 |   227 ||   455
       Skin              |       |       |     9 |       |       ||     9
       Plate armour      |       |       |       |   134 |       ||   134
       Swamp dragon scal |       |       |       |       |    64 ||    64
Dodge: Dodged            |    21 |    44 |    72 |   115 |   283 ||   535
Block: Buckler           |    17 |    26 |    34 |    69 |    97 ||   243
       Kite shield       |       |       |       |       |    62 ||    62

Table legend: (Time is in decaauts)
 A = Elapsed time spent in this place.
 B = Non-inter-level travel time spent in this place.
 C = Inter-level travel time spent in this place.
 D = Time resting spent in this place.
 E = Time spent auto-exploring this place.
 F = Levels seen in this place.
 G = Mean time per level.
                   A        B        C        D        E       F      G
               +--------+--------+--------+--------+--------+-----+--------+
         Total |  22831 |  21607 |   1224 |   2492 |  14782 |  27 |  845.6 |
       Dungeon |  13668 |  12859 |    809 |   1846 |   8642 |  15 |  911.2 |
        Temple |    215 |    195 |     20 |      0 |    159 |   1 |  215.0 |
          Lair |   6184 |   5878 |    306 |    387 |   4521 |   6 | 1030.7 |
  Orcish Mines |   1524 |   1436 |     88 |    223 |    792 |   2 |  762.0 |
        Bazaar |    262 |    262 |      0 |      0 |    180 |   1 |  262.0 |
        Bailey |    399 |    399 |      0 |      0 |    204 |   1 |  399.0 |
      Gauntlet |    576 |    576 |      0 |     36 |    284 |   1 |  576.0 |
               +--------+--------+--------+--------+--------+-----+--------+

Top non-repeatable levels by time:
  Lair:6: 1386 daAuts
    D:14: 1311 daAuts
  Lair:3: 1220 daAuts
     D:7: 1155 daAuts
     D:5: 1124 daAuts
    D:15: 1071 daAuts
     D:9: 1027 daAuts
  Lair:1: 1026 daAuts
    D:11: 988 daAuts
    D:10: 984 daAuts
  Lair:4: 965 daAuts
   Orc:1: 938 daAuts
     D:3: 886 daAuts
     D:6: 860 daAuts
  Lair:5: 852 daAuts
